 Dungeon Crawl Stone Soup version 0.31-a0-986-g5e6e4ef867 (webtiles) character file.

Game seed: 10148111212091240630

18750 pokeman the Eclecticist (level 12, -6/66 HPs)
             Began as a Deep Elf Hedge Wizard on Nov 8, 2023.
             Was an Elder of Vehumet.
             Mangled by a vault guard
             ... wielding a +2 heavy great sword
              (30 damage)
             ... on level 13 of the Dungeon.
             The game lasted 00:36:35 (13472 turns).

pokeman the Eclecticist (Deep Elf Hedge Wizard)    Turns: 13472, Time: 00:36:35

Health: -6/66      AC: 10    Str:  7    XL:     12   Next: 30%
Magic:  28/43      EV: 13    Int: 31    God:    Vehumet [****..]
Gold:   318        SH:  5    Dex: 14    Spells: 26/44 levels left

rFire   + . .        S - +6 arbalest "Damnation" {damnation}
rCold   + . .        (shield currently unavailable)
rNeg    + . .        I - +0 steam dragon scales
rPois   +            U - -2 hat of the Alchemist {rElec rPois rF+ rC+ rN+ Will+ rMut rCorr}
rElec   +            b - +0 cloak
rCorr   +            t - +1 pair of gloves
SInv    .            u - +2 pair of boots
Will    ++...        w - amulet of reflection
Stlth   ++           o - ring of magical power
HPRegen 0.31/turn    Q - +6 ring of intelligence
MPRegen 0.28/turn

%: reflection, resist mutation
@: no status effects
A: no striking features
a: Renounce Religion


You were on level 13 of the Dungeon.
You worshipped Vehumet.
Vehumet was greatly pleased with you.
You visited 2 branches of the dungeon, and saw 14 of its levels.
You also visited: Sewer.

You collected 692 gold pieces.
You spent 374 gold pieces at shops.

Inventory:

Hand Weapons
 S - the +6 arbalest "Damnation" (weapon) {damnation}
   (You took it off a kobold brigand on level 9 of the Dungeon)
Missiles
 M - 8 curare-tipped darts
Armour
 b - a +0 cloak (worn)
 t - a +1 pair of gloves (worn)
 u - a +2 pair of boots (worn)
 I - +0 steam dragon scales (worn)
 K - a +2 ring mail of fire resistance
 U - the -2 hat of the Alchemist (worn) {rElec rPois rF+ rC+ rN+ Will+ rMut rCorr}
   (You found it on level 9 of the Dungeon)

   rF+:       It protects you from fire.
   rC+:       It protects you from cold.
   rElec:     It insulates you from electricity.
   rPois:     It protects you from poison rN+: It protects you from negative
   energy.
   Will+:     It increases your willpower.
   rCorr:     It protects you from acid and corrosion.
   rMut:      It protects you from mutation.
Magical Staves
 c - a staff of cold
Jewellery
 o - a ring of magical power (left hand)
 w - an amulet of reflection (around neck)
 F - a ring of poison resistance
 Q - a +6 ring of intelligence (right hand)
Wands
 G - a wand of quicksilver (7)
Scrolls
 a - a scroll of acquirement {unknown}
 h - a scroll of vulnerability {unknown}
 i - 2 scrolls of poison {unknown}
 j - 4 scrolls of amnesia {unknown}
 k - 5 scrolls of teleportation {unknown}
 l - 5 scrolls of enchant weapon {unknown}
 p - 2 scrolls of blinking {unknown}
 r - 3 scrolls of revelation {unknown}
 v - 2 scrolls of silence {unknown}
 y - a scroll of brand weapon {unknown}
 z - a scroll of torment {unknown}
 B - 5 scrolls of identify {unknown}
 D - a scroll of immolation {unknown}
 E - 4 scrolls of fog {unknown}
 W - a scroll of butterflies {unknown}
 X - a scroll of fear {unknown}
 Y - a scroll of noise {unknown}
Potions
 d - 5 potions of magic
 f - 5 potions of brilliance {unknown}
 m - 2 potions of degeneration {unknown}
 n - 5 potions of cancellation {unknown}
 q - 2 potions of heal wounds {unknown}
 s - 7 potions of curing {unknown}
 x - 2 potions of might {unknown}
 J - a potion of resistance {unknown}
 L - a potion of attraction {unknown}
 N - 3 potions of mutation {unknown}
 V - 3 potions of lignification {unknown}


   Skills:
 - Level 4.1 Fighting
 + Level 5.6 Ranged Weapons
 - Level 4.1 Armour
 - Level 3.0 Dodging
 - Level 3.0 Stealth
 - Level 2.1 Shields
 * Level 16.7 Spellcasting
 + Level 10.0 Conjurations
 - Level 2.0 Summonings
 - Level 2.0 Necromancy
 - Level 2.0 Translocations
 + Level 8.1 Fire Magic
 - Level 1.0 Ice Magic
 - Level 1.0 Air Magic
 - Level 5.0 Earth Magic
 - Level 1.0 Poison Magic
 - Level 1.0 Evocations


You had 26 spell levels left.
You knew the following spells:

 Your Spells              Type           Power      Damage    Failure   Level
a - Magic Dart            Conj           100%       1d8       1%          1
b - Mephitic Cloud        Conj/Pois/Air  50%        N/A       1%          3
c - Call Imp              Summ           76%        N/A       1%          2
d - Blink                 Tloc           76%        N/A       1%          2
e - Foxfire               Conj/Fire      100%       2x1d9     1%          1
f - Starburst             Conj/Fire      35%        6d10      1%          6
g - Swiftness             Air            32%        N/A       3%          3

Your spell library contained the following spells:

 Spells                   Type           Power      Damage    Failure   Level
 Hailstorm                Conj/Ice       56%        3d12      1%          3
 Shock                    Conj/Air       100%       1d9       1%          1
 Slow                     Hex            100%       N/A       1%          1
 Cigotuvi's Dreadful Rot  Necr/Pois/Air  68%        N/A       1%          2
 Sublimation of Blood     Necr           38%        N/A       1%          2
 Sticky Flame             Conj/Fire      70%        2d8       1%          4
 Wereblood                Tmut           25%        N/A       2%          2
 Airstrike                Air            16%        2d(3-19)  3%          4
 Borgnjor's Vile Clutch   Necr/Erth      23%        N/A       11%         5
 Alistair's Intoxication  Tmut/Pois      19%        N/A       36%         5
 Eringya's Noxious Bog    Tmut/Pois      14%        4d6       45%         6
 Summon Hydra             Summ           19%        N/A       99%         7
 Chain Lightning          Conj/Air       28%        3d37      100%        9
 Fire Storm               Conj/Fire      35%        8d9       100%        9
 Shatter                  Erth           27%        3d23*     100%        9


Dungeon Overview and Level Annotations

Branches:
Dungeon (13/15)            Temple (1/1) D:5            Lair (0/5) D:10
    Orc (0/2) D:12          Sewer (visited)
 Vaults: D:13-14

Altars:
Ashenzari
Cheibriados
Dithmenos
Elyvilon
Fedhas
Gozag
Hepliaklqana
Kikubaaqudgha
Makhleb
Nemelex Xobeh
Okawaru
Qazlal
Ru
Sif Muna
Trog
Uskayaw
Vehumet
Wu Jian
Xom
Yredelemnul
Zin
The Shining One

Shops:
D:1 [   D:8 [

Annotations:
D:9 3 runed translucent doors
D:12 2 transporters


Message History

You shoot a damnation bolt.
The damnation bolt hits the vault guard!
The vault guard is almost dead.
The damnation bolt explodes!
The damnation engulfs the vault guard!!
You kill the vault guard!
Vehumet accepts your kill.
The damnation engulfs the vault guard!
The vault guard is lightly wounded.
Your Conjurations skill increases to level 10!
Unknown command.
Unknown command.
Casting: Mephitic Cloud (safe; 1% risk of failure)
Confirm with . or Enter, or press ? or * to list all spells.
Aiming: Mephitic Cloud (safe; 1% risk of failure)
Press: ? - help, Shift-Dir - straight line, f - vault guard
Aim: a vault guard, wielding a +2 heavy great sword and wearing a +0 chain mail (lightly wounded, chance to affect: 39%)
The ball explodes into a vile cloud!
The stinking cloud engulfs the vault guard but does no damage.
The vault guard is lightly wounded.
The stinking cloud engulfs you but does no damage.
The vault guard is engulfed in noxious fumes.
The vault guard hits you with a +2 heavy great sword!!!
Ouch! That really hurt!
Unknown command.
Unknown command.
Casting: Mephitic Cloud (safe; 1% risk of failure)
Confirm with . or Enter, or press ? or * to list all spells.
Casting: Starburst (dangerous; 1% risk of failure)
Press: ? - help, Dir - look around, f - activate The bolt of fire hits the vault guard!!
The vault guard is severely wounded.
The bolt of fire hits the vault guard!!!
The vault guard is heavily wounded.
The vault guard is engulfed in noxious fumes.
The vault guard appears confused.
The vault guard laughs at nothing.
The vault guard is engulfed in noxious fumes.
The vault guard hits you with a +2 heavy great sword!!
You die...

..## #.#.
... #.. #..
##.. #.§○##
#.○p@#
#..p#○# #..#
#.# ... #.#
# #.# . #.##
.. #..###.#
##..>#.#
########.#.#


You could see 2 vault guards.

Vanquished Creatures
  A vault guard (D:13)
  A hydra (D:9)
  2 boulder beetles
  4 two-headed ogres
  Pikel (D:7)
  A deep elf pyromancer (D:12)
  2 ugly things
  2 cyclopes (D:12)
  3 slime creatures (D:12)
  A rime drake (D:10)
  2 unseen horrors
  A kobold demonologist (D:10)
  A polar bear (D:10)
  A troll (D:12)
  Grinder (D:4)
  Sigmund (D:5)
  6 shadows
  A wyvern (D:10)
  5 wraiths
  6 yaks (D:9)
  A vampire (D:9)
  2 steam dragons (D:6)
  3 vampire mosquitoes
  4 acid dragons
  3 water moccasins
  3 orc warriors
  4 ice beasts
  4 sky beasts
  A black bear (shapeshifter) (D:13)
  A wolf (D:10)
  8 centaurs
  2 lemures (D:7)
  2 phantoms (D:6)
  2 bullfrogs
  9 kobold brigands
  2 scorpions (D:6)
  3 wights (D:8)
  12 killer bees
  5 spriggan skeletons (D:10)
  A troll skeleton (D:10)
  6 howler monkeys
  2 jellies (D:7)
  7 hounds
  2 sleepcaps (D:6)
  A gnoll bouda (D:7)
  2 orc priests
  7 orc wizards
  3 iguanas
  15 gnolls
  8 adders
  A shadow imp (D:6)
  A white imp (D:7)
  4 ufetubi (D:6)
  A worm (D:4)
  3 dart slugs
  33 orcs
  14 bats
  A bat zombie (D:10)
  13 endoplasms
  4 giant cockroaches
  10 goblins
  11 hobgoblins
  34 kobolds
  4 quokkas
  14 ball pythons
  5 frilled lizards
  10 rats
  A foxfire (D:8)
332 creatures vanquished.

Vanquished Creatures (collateral kills)
  An orc wizard (D:6)
  A kobold (D:3)
2 creatures vanquished.

Vanquished Creatures (others)
  481 foxfires
481 creatures vanquished.

Grand Total: 815 creatures vanquished

Notes
Turn   | Place    | Note
-------+----------+-------------------------------------------
     0 | D:1      | pokeman the Deep Elf Hedge Wizard began the quest for the
                  | Orb.
     0 | D:1      | Reached XP level 1. HP: 10/10 MP: 7/7
   227 | D:1      | Found Licosuz's Antique Armour Emporium.
   338 | D:1      | Reached XP level 2. HP: 15/15 MP: 5/9
  1237 | D:1      | Reached XP level 3. HP: 19/19 MP: 4/11
  1241 | D:1      | Learned a level 3 spell: Mephitic Cloud
  1244 | D:1      | Learned a level 2 spell: Blink
  1247 | D:1      | Learned a level 2 spell: Call Imp
  1893 | D:2      | Found a faded altar of an unknown god.
  2300 | D:3      | Reached XP level 4. HP: 21/24 MP: 9/12
  2638 | D:3      | Reached skill level 5 in Spellcasting
  2717 | D:3      | Reached skill level 1 in Poison Magic
  2767 | D:3      | Reached XP level 5. HP: 18/28 MP: 2/14
  2903 | D:3      | Reached skill level 1 in Earth Magic
  2957 | D:3      | Reached skill level 1 in Evocations
  3540 | D:4      | Found a glowing drain.
  3557 | Sewer    | Entered a sewer
  3580 | Sewer    | Reached skill level 1 in Air Magic
  3727 | Sewer    | Reached skill level 1 in Fighting
  3727 | Sewer    | Reached skill level 1 in Armour
  3727 | Sewer    | Reached skill level 6 in Spellcasting
  3727 | Sewer    | Reached XP level 6. HP: 34/34 MP: 14/17
  4315 | D:4      | Reached XP level 7. HP: 33/39 MP: 6/19
  4579 | D:4      | Noticed Grinder
  4632 | D:4      | Reached skill level 7 in Spellcasting
  4673 | D:4      | Paralysed by Grinder for 3 turns
  4855 | D:4      | Killed Grinder
  5435 | D:5      | Entered Level 5 of the Dungeon
  5461 | D:5      | Found a radiant altar of Vehumet.
  5480 | D:5      | Became a worshipper of Vehumet
  5530 | D:5      | Found a staircase to the Ecumenical Temple.
  5535 | D:5      | Noticed Sigmund
  5547 | D:5      | Killed Sigmund
  5548 | D:5      | Reached skill level 8 in Spellcasting
  5715 | D:5      | Reached XP level 8. HP: 44/44 MP: 19/22
  6356 | D:6      | Reached skill level 9 in Spellcasting
  6461 | D:6      | Reached skill level 5 in Conjurations
  6694 | D:6      | Reached skill level 10 in Spellcasting
  6701 | D:6      | Reached * piety under Vehumet
  6701 | D:6      | Offered knowledge of Foxfire by Vehumet.
  6716 | D:6      | Learned a level 1 spell: Foxfire
  7167 | D:7      | Reached XP level 9. HP: 49/49 MP: 22/25
  7207 | D:7      | Reached skill level 5 in Earth Magic
  7260 | D:7      | Reached skill level 1 in Fire Magic
  7260 | D:7      | Reached skill level 1 in Ice Magic
  7544 | D:7      | Reached skill level 11 in Spellcasting
  7734 | D:7      | Reached ** piety under Vehumet
  7736 | D:7      | Offered knowledge of Poisonous Vapours by Vehumet.
  7817 | D:7      | Found a bloodstained altar of Trog.
  7817 | D:7      | Found a burning altar of Makhleb.
  7825 | D:7      | Found a sacrificial altar of Ru.
  7827 | D:7      | Found an iron altar of Okawaru.
  7829 | D:7      | Found a sparkling altar of Nemelex Xobeh.
  7891 | D:7      | Noticed Pikel
  7917 | D:7      | Killed Pikel
  8397 | D:8      | Found Buchitiose's Antique Armour Boutique.
  8431 | D:8      | Bought a runed helmet for 187 gold pieces
  8431 | D:8      | Bought a glowing buckler for 187 gold pieces
  8467 | D:8      | Reached skill level 12 in Spellcasting
  8896 | D:8      | Reached XP level 10. HP: 56/56 MP: 24/28
  8995 | D:8      | Noticed a two-headed ogre
  9010 | D:8      | Killed a two-headed ogre
  9300 | D:9      | Identified the of Sengimom
  9380 | D:9      | Offered knowledge of Inner Flame by Vehumet.
  9394 | D:9      | Noticed a seven-headed hydra
  9404 | D:9      | Killed a seven-headed hydra
  9405 | D:9      | Reached skill level 13 in Spellcasting
  9405 | D:9      | Reached skill level 5 in Fire Magic
  9408 | D:9      | Noticed a two-headed ogre
  9421 | D:9      | Killed a two-headed ogre
  9423 | D:9      | Noticed a boulder beetle
  9571 | D:9      | Killed a boulder beetle
  9685 | D:9      | Reached *** piety under Vehumet
  9686 | D:9      | Reached skill level 14 in Spellcasting
  9700 | D:9      | Reached XP level 11. HP: 43/61 MP: 20/31
  9713 | D:9      | Reached skill level 1 in Shields
 10170 | D:9      | Offered knowledge of Olgreb's Toxic Radiance by Vehumet.
 10197 | D:9      | Noticed a two-headed ogre
 10202 | D:9      | Killed a two-headed ogre
 10203 | D:9      | Reached skill level 1 in Necromancy
 10322 | D:9      | Found a runed translucent door.
 10325 | D:9      | Found a runed translucent door.
 10325 | D:9      | Found a runed translucent door.
 10325 | D:9      | Noticed a green ugly thing
 10325 | D:9      | Noticed a deep elf pyromancer
 10330 | D:9      | Found the -2 hat of the Alchemist {rElec rPois rF+ rC+ rN+
                  | Will+ rMut rCorr}
 10740 | D:9      | Learned a level 6 spell: Starburst
 10744 | D:9      | Learned a level 3 spell: Swiftness
 10804 | D:10     | Entered Level 10 of the Dungeon
 10922 | D:10     | Found an ancient bone altar of Kikubaaqudgha.
 10968 | D:10     | Found a shimmering altar of Xom.
 11076 | D:10     | Reached skill level 1 in Ranged Weapons
 11113 | D:10     | Noticed a two-headed ogre
 11117 | D:10     | Killed a two-headed ogre
 11118 | D:10     | Reached skill level 15 in Spellcasting
 11292 | D:10     | Found a staircase to the Lair.
 11423 | D:10     | Reached **** piety under Vehumet
 12512 | D:12     | Found a staircase to the Orcish Mines.
 12529 | D:12     | Noticed a boulder beetle
 12534 | D:12     | Killed a boulder beetle
 12534 | D:12     | Offered knowledge of Hailstorm by Vehumet.
 12535 | D:12     | Reached skill level 16 in Spellcasting
 12535 | D:12     | Reached XP level 12. HP: 50/66 MP: 21/34
 12732 | D:12     | Reached skill level 5 in Ranged Weapons
 12935 | D:12     | Found a transporter.
 12935 | D:12     | Noticed a centaur warrior
 12936 | D:12     | Found the +8 storm bow {elec, penet}
 12943 | D:12     | Noticed a fire giant
 12943 | D:12     | Noticed a centaur warrior
 12954 | D:12     | Found a transporter.
 13276 | Temple   | Entered the Ecumenical Temple
 13463 | D:13     | Noticed a vault guard
 13465 | D:13     | Noticed a vault guard
 13467 | D:13     | Noticed a vault guard
 13470 | D:13     | Killed a vault guard
 13471 | D:13     | Reached skill level 10 in Conjurations
 13472 | D:13     | Mangled by a vault guard

Illustrated notes

Levels and vault maps discovered:
D:1:      scummos_arrival_hexagon, layout_loops_corners, serial_shops, shop
D:2:      layout_rooms, hellmonk_ecumenical_altar_leap_of_faith
D:3:      layout_basic
D:4:      corexii_shantytown, layout_basic, cheibrodos_sewer_entry_drain,
          uniq_grinder
D:5:      layout_loops_ring, nicolae_vehumet_radiance, minmay_temple_entry_hall,
          uniq_sigmund
D:6:      layout_rooms
D:7:      layout_cave_pools, chequers_temple_overflow_minitemple,
          nicolae_zig_zag_zippers, uniq_pikel
D:8:      layout_loops_corners, serial_shops, nicolae_shop_window_shopping
D:9:      minmay_the_grid_four_pointed_star
          [minmay_the_grid_triangle_9x9_fully_insulated_deathbox,
          minmay_the_grid_triangle_9x9_semitri,
          minmay_the_grid_triangle_9x9_minimal,
          minmay_the_grid_triangle_9x9_sparse_checkered,
          minmay_the_grid_prize_four_corners_diamond_b], layout_cave_pods,
          nrook_loot_triangle, small_statue_intersection
D:10:     layout_roguey, lemuel_zombie_altar_kikubaaqudgha,
          nicolae_overflow_crystal_walls, hellmonk_lair_entry_icy,
          hangedman_tell_no_tales
D:11:     layout_basic, hangedman_decor_points
D:12:     gammafunk_sealed_arena, layout_basic
D:13:     layout_rooms, erik_vaults_2
Temple:   nicolae_temple_superstar

Skill      XL: |  1  2  3  4  5  6  7  8  9 10 11 12 |
---------------+-------------------------------------+-----
Stealth        | 3 |  3.0
Dodging        | 3 |  3.0
Summonings     | 2 |  2.0
Spellcasting   | 5 6 8 10 12 14 16 | 16.7
Translocations | 2 |  2.0
Poison Magic   | 1 |  1.0
Earth Magic    | 1 2 3 4 5 |  5.0
Conjurations   | 2 3 4 5 6 8 9 10 | 10.0
Evocations     | 1 |  1.0
Air Magic      | 1 |  1.0
Fighting       | 1 2 3 4 |  4.1
Armour         | 1 3 4 |  4.1
Fire Magic     | 3 5 7 8 |  8.1
Ice Magic      | 1 |  1.0
Shields        | 2 |  2.1
Necromancy     | 2 |  2.0
Ranged Weapons | 4 5 |  5.6

Action                     |  1- 3 |  4- 6 |  7- 9 | 10-12 || total
---------------------------+-------+-------+-------+-------++-------
  Melee: Dagger            |    19 |   112 |   126 |    59 ||   316
         Punch             |       |       |     7 |       ||     7
         Hand axe          |       |       |     3 |       ||     3
   Fire: Arbalest          |       |       |       |   108 ||   108
   Cast: Magic Dart        |   116 |   117 |   110 |       ||   343
         Call Imp          |       |     3 |     5 |     1 ||     9
         Mephitic Cloud    |       |     8 |    20 |    24 ||    52
         Blink             |       |     1 |       |     3 ||     4
         Foxfire           |       |       |   146 |   113 ||   259
         Starburst         |       |       |       |    23 ||    23
  Evoke: Wand              |       |       |       |     3 ||     3
   Stab: Sleeping          |     2 |     2 |       |       ||     4
         Confused          |       |     6 |    12 |     6 ||    24
 Armour: Robe              |    23 |    61 |    78 |       ||   162
         Steam dragon scal |       |       |    26 |    89 ||   115
  Dodge: Dodged            |    26 |   111 |   105 |    67 ||   309
  Block: Other             |       |     1 |    58 |    25 ||    84
         Reflection        |       |       |     2 |     1 ||     3

Table legend: (Time is in decaauts)
 A = Elapsed time spent in this place.
 B = Non-inter-level travel time spent in this place.
 C = Inter-level travel time spent in this place.
 D = Time resting spent in this place.
 E = Time spent auto-exploring this place.
 F = Levels seen in this place.
 G = Mean time per level.
                   A        B        C        D        E       F      G
               +--------+--------+--------+--------+--------+-----+--------+
         Total |  13580 |  12994 |    586 |    254 |  10312 |  15 |  905.3 |
       Dungeon |  12955 |  12372 |    583 |    254 |   9848 |  13 |  996.5 |
        Temple |     38 |     36 |      2 |      0 |      0 |   1 |   38.0 |
         Sewer |    587 |    587 |      0 |      0 |    464 |   1 |  587.0 |
               +--------+--------+--------+--------+--------+-----+--------+

Top non-repeatable levels by time:
     D:1: 1505 daAuts
     D:4: 1480 daAuts
     D:9: 1479 daAuts
     D:8: 1194 daAuts
     D:7: 1140 daAuts
    D:10: 1100 daAuts
     D:3: 1093 daAuts
     D:6: 931 daAuts
     D:5: 843 daAuts
     D:2: 790 daAuts
    D:12: 699 daAuts
    D:11: 651 daAuts
   Sewer: 587 daAuts
    D:13: 44 daAuts
  Temple: 38 daAuts
